 Dungeon Crawl Stone Soup version 0.22.0-2-ge58baed (webtiles) character file.

2120 Firebatgyro the Fighter (level 9, -3/72 (74) HPs)
             Began as a Demonspawn Monk on Aug 12, 2018.
             Was an Elder of Okawaru.
             Impaled on a porcupine's spines (16 damage)
             ... on level 8 of the Dungeon.
             The game lasted 00:12:40 (6685 turns).

Firebatgyro the Fighter (Demonspawn Monk)           Turns: 6685, Time: 00:12:40

HP:   -3/72 (74)    AC:  4    Str: 20    XL:     9   Next: 8%
MP:   14/14         EV: 13    Int: 12    God:    Okawaru [****..]
Gold: 237           SH:  0    Dex: 15    Spells: 8/8 levels left

rFire    . . .     SeeInvis +     - Unarmed
rCold    . . .     Gourm    .   (no shield)
rNeg     . . .     Faith    .   q - +1 leather armour {rPois}
rPois    +         Spirit   .   (helmet restricted)
rElec    .         Reflect  .   (no cloak)
rCorr    .         Harm     .   (no gloves)
MR       .....                  (no boots)
Stlth    ++........             (no amulet)
HPRegen  0.00/turn              k - ring of see invisible
MPRegen  0.14/turn              f - +5 ring of strength

@: non-regenerating, badly diseased
A: antennae 2, claws 1, hooves 1, demonic guardian 1, powered by death 1
a: Heroism, Renounce Religion


You were on level 8 of the Dungeon.
You worshipped Okawaru.
Okawaru was greatly pleased with you.
You were not hungry.

You visited 1 branch of the dungeon, and saw 8 of its levels.
You also visited: Sewer.

You collected 330 gold pieces.
You spent 93 gold pieces at shops.

Inventory:

Hand Weapons
 y - a +0 blowgun
Missiles
 s - 2 throwing nets
 t - 10 tomahawks (quivered)
 z - 21 poisoned needles
Armour
 q - a +1 leather armour of poison resistance (worn)
 w - a +0 pair of gloves
Jewellery
 c - an uncursed ring of wizardry
 e - an uncursed ring of teleportation
 f - a +5 ring of strength (right claw)
 k - a ring of see invisible (left claw)
 o - an uncursed ring of positive energy
 C - an uncursed ring of ice
Wands
 u - a wand of polymorph (15)
 v - a wand of random effects (12)
 A - a wand of paralysis (21)
Scrolls
 a - 6 scrolls of remove curse
 g - 2 scrolls of fear
 h - 7 scrolls of identify
 m - 4 scrolls of teleportation
 n - a scroll of enchant weapon
 B - 2 scrolls of amnesia
 E - a scroll of acquirement {unknown}
Potions
 d - a potion of curing
 i - 2 potions of heal wounds {unknown}
 j - 3 potions of mutation {unknown}
 l - 2 potions of agility {unknown}
 p - a potion of degeneration {unknown}
 r - 2 potions of ambrosia {unknown}
 x - a potion of invisibility {unknown}
 D - a potion of lignification {unknown}
Comestibles
 b - 14 rations


   Skills:
 + Level 8.2 Fighting
 - Level 2.6 Dodging
 - Level 1.7 Stealth
 + Level 7.2 Unarmed Combat
 + Level 7.1 Invocations


You had 8 spell levels left.
You didn't know any spells.
Your spell library was empty.

Dungeon Overview and Level Annotations

Branches:
Dungeon (8/15)
 Temple: D:4-7         Lair: D:8-11

Altars:
Dithmenos
Fedhas
Gozag
Okawaru
Qazlal
Sif Muna
Wu Jian
Zin
The Shining One

Shops:
D:4 ?


Innate Abilities, Weirdness & Mutations

You have a pair of antennae on your head.
You have sharp fingernails.
You have large cloven feet.
A weak demonic guardian rushes to your aid.
You regenerate a little health from kills.


Message History

Your shadow imp hits the porcupine but does no damage.
You barely miss the porcupine. You kick the porcupine!
The porcupine is heavily wounded.
The porcupine bites you but does no damage.
You scratch the porcupine. Your kick misses the porcupine.
The porcupine is severely wounded.
The leopard gecko closely misses your shadow imp.
The porcupine bites you!
* * * LOW HITPOINT WARNING * * *
Your shadow imp misses the porcupine.
The leopard gecko barely misses your shadow imp.
You scratch the porcupine but do no damage.
Your kick misses the porcupine.
The porcupine is severely wounded.
The porcupine misses you.
Your shadow imp is struck by the porcupine's spines.
Your shadow imp misses the porcupine.
The leopard gecko bites your shadow imp but does no damage.
You are struck by the porcupine's spines.
You die...

. #.# ##PP..
#.P.P.P
#.#########...P..P
.......@r<..PPP...
#.#######5†.......
#.lP...##+
#.P...P# #..P...#
##%.P.P# #.PPP.P.
##...$..


You could see a porcupine, a leopard gecko and a friendly shadow imp.

Vanquished Creatures
  Sigmund (D:6)
  Edmund (D:5)
  Purgy (Sewer)
  A necrophage (D:8)
  A phantom (D:7)
  2 ogres
  A centaur (D:6)
  2 bullfrogs
  A water moccasin zombie (D:7)
  5 scorpions
  A howler monkey (D:5)
  A bullfrog zombie (D:6)
  2 crimson imps
  A quasit (D:7)
  A hound (D:7)
  A jelly (D:6)
  An orc priest (D:4)
  A bullfrog skeleton (D:7)
  An orc wizard (D:7)
  Natasha (thrice) (D:4)
  5 worker ants
  A howler monkey zombie (D:6)
  A worker ant zombie (D:7)
  3 gnolls (D:5)
  A howler monkey skeleton (D:7)
  8 adders
  8 river rats (D:6)
  2 oozes
  4 worms
  A dart slug (D:1)
  A leopard gecko (D:4)
  19 orcs
  6 bats
  2 giant cockroaches
  11 goblins
  6 hobgoblins
  11 jackals
  12 kobolds
  2 quokkas
  4 ball pythons
  5 frilled lizards
  20 rats
162 creatures vanquished.

Vanquished Creatures (collateral kills)
  A bullfrog (D:8)
1 creature vanquished.

Grand Total: 163 creatures vanquished

Notes
Turn   | Place    | Note
-------+----------+-------------------------------------------
     0 | D:1      | Firebatgyro the Demonspawn Monk began the quest for the Orb.
     0 | D:1      | Reached XP level 1. HP: 18/18 MP: 1/1
   195 | D:1      | Gained mutation: You have large cloven feet. [demonic ancestry]
   195 | D:1      | Reached XP level 2. HP: 20/24 MP: 2/2
   648 | D:1      | Gained mutation: You have sharp fingernails. [demonic ancestry]
   648 | D:1      | Reached XP level 3. HP: 30/30 MP: 3/3
   723 | D:1      | Reached skill level 4 in Fighting
  1384 | D:2      | Found a deep blue altar of Sif Muna.
  1516 | D:2      | Reached XP level 4. HP: 33/38 MP: 4/4
  1593 | D:2      | Noticed an ogre
  1599 | D:2      | Killed an ogre
  1599 | D:2      | Gained mutation: You have a pair of small antennae on your head. [demonic ancestry]
  1599 | D:2      | Reached XP level 5. HP: 39/43 MP: 5/5
  1875 | D:3      | Reached skill level 5 in Fighting
  2181 | D:3      | Found a blossoming altar of Fedhas.
  2378 | D:3      | Found an iron altar of Okawaru.
  2684 | D:4      | Found Hym Icee's Magic Scroll Emporium.
  2689 | D:4      | Bought a scroll of fear for 38 gold pieces
  2689 | D:4      | Bought a scroll of teleportation for 33 gold pieces
  2689 | D:4      | Bought a scroll of identify for 22 gold pieces
  2722 | D:4      | Noticed an ogre
  2981 | D:4      | Noticed Natasha
  2989 | D:4      | Killed Natasha
  3031 | D:4      | Gained mutation: You regenerate a little health from kills. [demonic ancestry]
  3031 | D:4      | Reached XP level 6. HP: 12/51 MP: 6/6
  3205 | D:4      | Noticed Natasha
  3212 | D:4      | Killed Natasha
  3539 | D:4      | Found a glowing silver altar of Zin.
  3550 | D:4      | Reached skill level 5 in Unarmed Combat
  3806 | D:4      | Noticed Natasha
  3816 | D:4      | Killed Natasha
  3816 | D:4      | Reached skill level 6 in Fighting
  3884 | D:3      | Became a worshipper of Warmaster Okawaru
  3884 | D:3      | Reached * piety under Okawaru
  3884 | D:3      | Reached ** piety under Okawaru
  3932 | D:5      | Entered Level 5 of the Dungeon
  3968 | D:5      | Noticed Edmund
  3983 | D:5      | Killed Edmund
  3983 | D:5      | Reached skill level 1 in Invocations
  3983 | D:5      | Gained mutation: You have a pair of antennae on your head. [demonic ancestry]
  3983 | D:5      | Reached XP level 7. HP: 58/58 MP: 4/8
  5013 | D:6      | Noticed Sigmund
  5038 | D:6      | Found a glowing drain.
  5063 | Sewer    | Entered a sewer
  5106 | Sewer    | Noticed Purgy
  5116 | Sewer    | Killed Purgy
  5116 | Sewer    | Reached *** piety under Okawaru
  5116 | Sewer    | Reached skill level 7 in Fighting
  5116 | Sewer    | Reached XP level 8. HP: 55/67 MP: 11/11
  5334 | D:6      | Killed Sigmund
  5338 | D:6      | Reached skill level 5 in Invocations
  5358 | D:6      | Found an ornate altar of the Wu Jian Council.
  5741 | D:6      | Found a shadowy altar of Dithmenos.
  5754 | D:6      | Found an opulent altar of Gozag.
  5761 | D:6      | Found a glowing golden altar of the Shining One.
  5764 | D:6      | Found a stormy altar of Qazlal.
  5963 | D:7      | Reached **** piety under Okawaru
  6485 | D:7      | Reached skill level 8 in Fighting
  6615 | D:7      | Gained mutation: A weak demonic guardian rushes to your aid. [demonic ancestry]
  6615 | D:7      | Reached XP level 9. HP: 60/74 MP: 14/14
  6685 | D:8      | Impaled on a porcupine's spines

Skill      XL: |  1  2  3  4  5  6  7  8  9 |
---------------+----------------------------+-----
Unarmed Combat | 3 4 5 6 7 |  7.2
Fighting       | 4 5 6 7 8 |  8.2
Invocations    | 1 4 6 7 |  7.1
Dodging        | |  2.6
Stealth        | |  1.7

Action                   |  1- 3 |  4- 6 |  7- 9 || total
-------------------------+-------+-------+-------++-------
Melee: Unarmed           |   128 |   121 |   281 ||   530
       Punch             |     2 |     3 |    11 ||    16
       Kick              |    24 |    39 |    81 ||   144
Throw: Tomahawk          |       |     2 |     2 ||     4
Invok: Heroism           |       |     1 |     1 ||     2
  Use: Potion            |       |     2 |       ||     2
       Scroll            |       |     1 |     7 ||     8
 Stab: Sleeping          |       |     1 |     3 ||     4
  Eat: Chunk             |     2 |     4 |     9 ||    15
       Ration            |       |     1 |       ||     1
Armor: Chain mail        |   111 |    25 |       ||   136
       Skin              |       |     3 |       ||     3
       Leather armour    |       |     1 |    50 ||    51
Dodge: Dodged            |    47 |    48 |   153 ||   248
